cohdb
Replays
Latest Replays
All Replays
Popular Replays
Top Player Replays
Match Explorer
How It Works
Community
CoH3 Stats
Reddit
Sign in to upload your games and track your stats! →
Sign in with Steam
Match 42982823
Unlisted
Match 42982823
Overview
Messages
Build Orders
End
Construct Infanterie Kompanie
Pioneer Squad
MG 42 Machine Gun Team
Selects Breakthrough Battlegroup
Selects Assault Grenadiers
MG 42 Machine Gun Team
GrW 34 Mortar Team
Construct Luftwaffe Kompanie
Jäger Squad
Jäger Squad
Medical Station
Jäger Squad
Support Elements
Selects Rapid Production
Selects Smoke Bombing Run
Wirbelwind Flakpanzer
Selects Incendiary Bombing Run
Incendiary Bombing Run
Wirbelwind Flakpanzer
Jäger Squad
Incendiary Bombing Run
Wirbelwind Flakpanzer
Incendiary Bombing Run
Jäger Squad
Wirbelwind Flakpanzer
Luftwaffe Officer Quarters
Wirbelwind Flakpanzer
Jäger Squad
Incendiary Bombing Run
Pioneer Squad
Wirbelwind Flakpanzer
Incendiary Bombing Run
btbuk1
LEAGER-_-
TheLostSon ¦ вlϊтz
Moltke1871
Miyu Takara
fmas3
kerplunk177
General Fal Kel Gar
0
0
Comments
sign in to comment!
No comments posted yet!